 Dungeon Crawl Stone Soup version 0.29-a0-459-g97dee8cd24 (webtiles) character file.

Game seed: 577751107986281857

0 siradein the Grave Robber (level 1, -1/13 HPs)
             Began as a Demonspawn Necromancer on May 20, 2022.
             Slain by a ball python (2 damage)
             ... on level 1 of the Dungeon.
             The game lasted 00:00:13 (194 turns).

siradein the Grave Robber (Demonspawn Necromancer)   Turns: 194, Time: 00:00:14

Health: -1/13      AC:  2    Str:  8    XL:     1   Next: 8%
Magic:  1/3        EV: 12    Int: 16    God:
Gold:   0          SH:  0    Dex: 13    Spells: 3/4 levels left

rFire   . . .      SeeInvis .   (no weapon)
rCold   . . .      Faith    .   (no shield)
rNeg    . . .      Spirit   .   a - +0 robe
rPois   .          Reflect  .   (no helmet)
rElec   .          Harm     .   (no cloak)
rCorr   .          Rampage  .   (no gloves)
Will    .....                   (no boots)
Stlth   ++........              (no amulet)
HPRegen 0.04/turn               (no ring)
MPRegen 0.08/turn               (no ring)

@: no status effects
A: no striking features
a: no special abilities


You were on level 1 of the Dungeon.
You visited 1 branch of the dungeon, and saw 1 of its levels.

Inventory:

Armour
 a - a +0 robe (worn)
Potions
 b - a potion of magic


   Skills:
 - Level 1.7 Dodging
 - Level 1.7 Stealth
 + Level 2.0 Spellcasting
 + Level 4.4 Necromancy


You had 3 spell levels left.
You knew the following spells:

 Your Spells              Type           Power      Damage    Failure   Level
a - Necrotize             Necr           60%        1d7       3%          1

Your spell library contained the following spells:

 Spells                   Type           Power      Damage    Failure   Level
 Vampiric Draining        Necr           15%        2d7       11%         3
 Animate Dead             Necr           15%        N/A       34%         4
 Agony                    Necr           15%        N/A       67%         5


Dungeon Overview and Level Annotations

Branches:
Dungeon (1/15)

Altars:


Message History

A kobold is nearby!
You can't see any susceptible monsters within range! (Use Z to cast anyway.)
The kobold shouts!
The kobold writhes in agony.
You kill the kobold!
The dead are walking!
Magic restored.
You swap places.
You see here a +0 short sword.
Your kobold skeleton crumbles into dust!
Found a ring mail and 19 stones.
A ball python, a quokka and a giant cockroach come into view.
The ball python hisses angrily.
There are monsters nearby!
There are monsters nearby!
There are monsters nearby!
The quokka writhes in agony.
You miscast Necrotize.
You are very lightly contaminated with residual magic.
Nothing appears to happen.
The quokka barely resists.
The quokka barely misses you. The quokka bites you.
You are too depleted to draw on your mana recklessly!
The quokka bites you. The ball python bites you.
* * * LOW HITPOINT WARNING * * *
The ball python completely misses you. The ball python barely misses you.
The ball python grabs you. The ball python constricts you.
* * * LOW HITPOINT WARNING * * *
You escape the ball python's grasp.
Your magical contamination has completely faded away.
The ball python attacks as you move away!
The ball python barely misses you. The ball python closely misses you.
The ball python attacks as you move away!
The ball python misses you. The ball python closely misses you.
The ball python misses you. The ball python barely misses you.
You see here a +0 short sword.
The ball python attacks as you move away!
The ball python bites you.
You die...

####### ......# ......# ......#
.(...## ......# ....... ......#
...... ......#### #.#...
<.....'..# #.#...
......##.###################.....
......##........@S.B.r...........
......##.#####################...
......##.#.........# .[.
......##.###.#####.# ...
########.....# #.# ... ##########
#.# ... #.######## #.# ###
#........# #.# #.######.# #.#


You could see a quokka, a giant cockroach and a ball python.

Vanquished Creatures
  A kobold (D:1)
1 creature vanquished.

Notes
Turn   | Place    | Note
-------+----------+-------------------------------------------
     0 | D:1      | siradein the Demonspawn Necromancer began the quest for the
                  | Orb.
     0 | D:1      | Reached XP level 1. HP: 13/13 MP: 3/3
   194 | D:1      | Slain by a ball python

Illustrated notes

Levels and vault maps discovered:
D:1:      psy_arrival_statuary, layout_basic, basic_ecumenical_altar

Action                   || total
-------------------------++-------
 Cast: Necrotize         ||     3
Dodge: Dodged            ||     9

Table legend: (Time is in decaauts)
 A = Elapsed time spent in this place.
 B = Non-inter-level travel time spent in this place.
 C = Inter-level travel time spent in this place.
 D = Time resting spent in this place.
 E = Time spent auto-exploring this place.
 F = Levels seen in this place.
 G = Mean time per level.
                   A        B        C        D        E       F      G
               +--------+--------+--------+--------+--------+-----+--------+
         Total |    194 |    194 |      0 |      0 |    172 |   1 |  194.0 |
       Dungeon |    194 |    194 |      0 |      0 |    172 |   1 |  194.0 |
               +--------+--------+--------+--------+--------+-----+--------+

Top non-repeatable levels by time:
     D:1: 194 daAuts
